 Dungeon Crawl Stone Soup version 0.20-a0-871-g785f14b (webtiles) character file.

233 Dfrag the Grave Robber (level 5, -1/42 HPs)
             Began as a Deep Dwarf Necromancer on Mar 14, 2017.
             Killed from afar by regis's ghost (5 damage)
             ... with a magic dart
             ... on level 3 of the Dungeon.
             The game lasted 00:04:18 (1799 turns).

Dfrag the Grave Robber (Deep Dwarf Necromancer)     Turns: 1799, Time: 00:04:18

Health: -1/42      AC:  3    Str: 12    XL:     5   Next: 74%
Magic:  11/11      EV: 12    Int: 16    God:
Gold:   46         SH:  0    Dex: 13    Spells: 8/12 levels left

rFire    . . .     SeeInvis .   w - +2 short sword (venom)
rCold    . . .     Gourm    .   a - +1 robe
rNeg     + . .     Faith    .   (no shield)
rPois    .         Spirit   .   (no helmet)
rElec    .         Reflect  .   (no cloak)
rCorr    .         Harm     .   (no gloves)
MR       .....                  (no boots)
Stlth    +.........             (no amulet)
Regen    0.0/turn               (no ring)
MPRegen  0.2/turn               d - ring of positive energy

@: about to teleport, non-regenerating, very slow
A: damage resistance, heal wounds, sense surroundings 1, no regeneration
a: Heal Wounds


You were on level 3 of the Dungeon.
You were not hungry.

You visited 1 branch of the dungeon, and saw 3 of its levels.
You also visited: Sewer.

You collected 46 gold pieces.

Inventory:

Hand Weapons
 u - a +0 blowgun
 w - a +2 short sword of venom (weapon)
Missiles
 v - 32 poisoned needles
Armour
 a - a +1 robe (worn)
Jewellery
 d - a ring of positive energy (left hand)
Scrolls
 f - a scroll of enchant armour
 h - a scroll of remove curse
 j - 2 scrolls of identify
 m - 3 scrolls of random uselessness
 n - a scroll of noise {unknown}
 q - a scroll of teleportation
Potions
 e - a potion of might {unknown}
 g - a potion of berserk rage {unknown}
 i - 5 potions of heal wounds {unknown}
 k - 3 potions of haste {unknown}
 p - 5 potions of flight {unknown}
 r - a potion of degeneration {unknown}
 s - a potion of resistance {unknown}
 t - 2 potions of curing {unknown}
 z - a potion of agility {unknown}
Books
 b - a book of Necromancy

   Spells                             Type                      Level
   a - Pain                           Necromancy                   1
   b - Animate Skeleton               Necromancy                   1
   c - Vampiric Draining              Necromancy                   3
   d - Regeneration                   Charms/Necromancy            3
   e - Animate Dead                   Necromancy                   4
   f - Control Undead                 Necromancy                   4
 o - a book of Minor Magic

   Spells                             Type                      Level
   a - Magic Dart                     Conjuration                  1
   b - Blink                          Translocation                2
   c - Call Imp                       Summoning                    2
   d - Slow                           Hexes                        2
   e - Conjure Flame                  Conjuration/Fire             3
   f - Mephitic Cloud                 Conjuration/Poison/Air       3
Comestibles
 c - 3 bread rations
 l - a royal jelly


   Skills:
 - Level 2.1 Dodging
 - Level 2.4 Stealth
 * Level 4.2 Spellcasting
 + Level 5.7 Necromancy


You had 8 spell levels left.
You knew the following spells:

 Your Spells              Type           Power        Failure   Level  Hunger
a - Pain                  Necr           ###.         1%          1    None
b - Vampiric Draining     Necr           ###.......   6%          3    ###....


Dungeon Overview and Level Annotations

Branches:
Dungeon (2/15)

Altars:
Cheibriados
Gozag
Qazlal

Annotations:
D:3 regis's ghost, amateur HuCj


Innate Abilities, Weirdness & Mutations

You are resistant to damage.
You can heal yourself by infusing magical energy.
You passively map a small area around you.
You do not regenerate.


Message History

As you read the scroll of identify, it crumbles to dust.
h - a scroll of remove curse Regis's ghost hits you.
The leopard gecko closely misses you.
As you read the scroll of identify, it crumbles to dust.
q - 2 scrolls of teleportation Regis's ghost casts a spell at you.
The magic dart hits you!
* * * LOW HITPOINT WARNING * * *
The leopard gecko hisses menacingly.
The leopard gecko barely misses you.
As you read the scroll of teleportation, it crumbles to dust.
You feel strangely unstable. The leopard gecko barely misses you.
Regis's ghost points at you and mumbles some strange words.
The magic dart hits you!
* * * LOW HITPOINT WARNING * * *
The leopard gecko hisses menacingly.
The leopard gecko misses you. Regis's ghost casts a spell at you.
The magic dart hits you!
You die...

############.#.#
#....Wl........#
#.########...###
#.≈## #####.##
#≈≈.###..≈###
#≈≈≈##...≈.#
##.≈#≈≈≈#≈≈#
#lW#≈.≈#≈≈# **
#@≈#≈.≈#≈.#, , ,
#≈≈#≈.≈#≈≈# *** *
#≈≈#≈.≈#≈≈###
#.≈#≈≈≈#≈.#.######
#≈≈..≈##≈≈#.......
##≈..###.≈≈.######
##### ##≈..# #####


You could see regis's ghost and a leopard gecko.

Vanquished Creatures
  2 big kobolds (Sewer)
  2 adders (D:2)
  An ooze (D:1)
  6 leopard geckos
  7 bats
  2 giant cockroaches (D:3)
  7 goblins
  6 hobgoblins
  2 quokkas (D:2)
  A ball python (Sewer)
  5 frilled lizards
  17 kobolds
  12 rats
70 creatures vanquished.

Notes
Turn   | Place    | Note
-------+----------+-------------------------------------------
     0 | D:1      | Dfrag the Deep Dwarf Necromancer began the quest for the Orb.
     0 | D:1      | Reached XP level 1. HP: 15/15 MP: 3/3
   165 | D:1      | Reached XP level 2. HP: 19/22 MP: 0/5
   580 | D:1      | Reached XP level 3. HP: 20/28 MP: 4/6
   585 | D:1      | Learned a level 3 spell: Vampiric Draining
   761 | D:2      | Reached skill level 5 in Necromancy
   830 | D:2      | Found an opulent altar of Gozag.
   867 | D:2      | Found a stormy altar of Qazlal.
   896 | D:2      | Found a snail-covered altar of Cheibriados.
  1106 | D:2      | You fall through a shaft!
  1128 | D:3      | Reached XP level 4. HP: 19/36 MP: 1/8
  1162 | D:3      | Found a glowing drain.
  1180 | Sewer    | Entered a sewer
  1459 | Sewer    | Noticed a big kobold
  1479 | Sewer    | Killed a big kobold
  1479 | Sewer    | Reached XP level 5. HP: 33/42 MP: 0/10
  1769 | D:3      | Noticed regis's ghost (amateur HuCj)
  1799 | D:3      | Killed from afar by regis's ghost

Vault maps used:
D:1:      onia_arrival_pyramid, serial_bayou_pond_e, hangedman_decor_push
D:2:      marbit_many_paths, old_standard_altar, grunt_gozag_statues,
          cheibriados_altar_1, first_bread
D:3:      minmay_roachtagon, gup_sewer_entry_pipe
Sewer:    kennysheep_pipe_town

Skill      XL: |  1  2  3  4  5 |
---------------+----------------+-----
Spellcasting   | 2 3 4 |  4.2
Necromancy     | 5 |  5.7
Dodging        | |  2.1
Stealth        | |  2.4

Action                   |  1- 3 |  4- 6 || total
-------------------------+-------+-------++-------
Melee: Unarmed           |    38 |    16 ||    54
       Short sword       |       |    35 ||    35
 Fire: Blowgun           |       |     7 ||     7
 Cast: Pain              |    57 |    12 ||    69
       Vampiric Draining |     5 |    10 ||    15
 Abil: Heal Wounds       |       |     2 ||     2
  Use: Scroll            |       |     5 ||     5
 Stab: Sleeping          |       |     1 ||     1
  Eat: Chunk             |     2 |     3 ||     5
Armor: Robe              |    14 |    15 ||    29
Dodge: Dodged            |    47 |    64 ||   111
